 Dungeon Crawl Stone Soup version 0.29.0-13-gc9e81de378 (webtiles) character file.

Game seed: 15001500906040344751

18 Malachi the Sneak (level 2, -1/15 HPs)
             Began as a Vine Stalker Brigand on Sept 7, 2022.
             Slain by a gnoll
             ... wielding a +0 spear
              (9 damage)
             ... on level 1 of the Dungeon.
             The game lasted 00:00:57 (711 turns).

Malachi the Sneak (Vine Stalker Brigand)             Turns: 711, Time: 00:00:58

Health: -1/15      AC:  3    Str: 13    XL:     2   Next: 66%
Magic:  0/3        EV: 11    Int: 11    God:
Gold:   24         SH:  0    Dex: 15    Spells: 1/1 levels left

rFire   . . .      SeeInvis .   a - +2 dagger
rCold   . . .      Faith    .   (no shield)
rNeg    . . .      Spirit   +   b - +0 robe
rPois   .          Reflect  .   h - +0 hat
rElec   .          Harm     .   c - +0 cloak
rCorr   .          Rampage  .   (no gloves)
Will    .....                   (no boots)
Stlth   +++.......              (no amulet)
HPRegen 0.05/turn               (no ring)
MPRegen 0.08/turn               (no ring)

@: no status effects
A: fangs 2, magic shield, antimagic bite, no potion heal 2
a: no special abilities


You were on level 1 of the Dungeon.
You visited 1 branch of the dungeon, and saw 1 of its levels.

You collected 24 gold pieces.

Inventory:

Hand Weapons
 a - a +2 dagger (weapon)
Missiles
 d - 9 poisoned darts (quivered)
 e - 3 curare-tipped darts
Armour
 b - a +0 robe (worn)
 c - a +0 cloak (worn)
 h - a +0 hat (worn)
Scrolls
 f - 2 scrolls of identify {unknown}
Potions
 g - a potion of berserk rage {unknown}


   Skills:
 - Level 1.7 Fighting
 + Level 2.9 Short Blades
 - Level 1.7 Throwing
 - Level 0.7 Dodging
 - Level 4.8 Stealth


You had one spell level left.
You didn't know any spells.
Your spell library was empty.

Dungeon Overview and Level Annotations

Branches:
Dungeon (1/15)

Altars:

Shops:
D:1 :


Innate Abilities, Weirdness & Mutations

You have extremely sharp teeth.
When hurt, damage is shared between your health and your magic reserves.
Your bite disrupts and absorbs the magic of your enemies.
Potions cannot restore your health.


Message History

You hit the frilled lizard.
You kill the frilled lizard!
An endoplasm and a rat come into view.
There are monsters nearby!
The endoplasm quivers.
You barely miss the rat.
The gnoll shouts!
Your bite misses the rat. The rat bites you but does no damage.
You hit the rat.
You kill the rat!
You hit the endoplasm.
The endoplasm is moderately wounded.
The bat barely misses you.
The endoplasm jiggles.
The endoplasm freezes you.
You are frozen.
You hit the endoplasm.
The endoplasm is heavily wounded.
The bat hits you.
You hit the endoplasm.
You kill the endoplasm!
The bat barely misses you.
A quokka comes into view.
The bat misses you.
The quokka moves out of view.
You hit the bat but do no damage. You bite the bat, but do no damage.
The bat hits you but does no damage. The bat closely misses you.
The gnoll closely misses you.
An endoplasm comes into view.
The endoplasm quivers.
You hit the gnoll.
The gnoll is heavily wounded.
The gnoll hits you but does no damage. The bat barely misses you.
You hit the gnoll but do no damage. You bite the gnoll, but do no damage.
The gnoll is heavily wounded.
The bat hits you but does no damage. The gnoll hits you with a +0 spear.
You hit the gnoll but do no damage. Your bite misses the gnoll.
The gnoll is heavily wounded.
The bat barely misses you. The gnoll hits you with a +0 spear!
Ouch! That really hurt!
You die...

#.. ##..
.###..############...
....................[
........######.#.#. ..
#......######.#.#. ...
#>................
....###......##.#...###.
......b......##.#.......
.....Jg@.....##....####.
.........######.........
........†# #.#######.
.........# #.#..#
.........# #.#..####
.........# #.#.....#
.........# #.....#)#
########## ###.#.#>#
#.#...#


You could see a gnoll, an endoplasm and a bat.

Vanquished Creatures
  2 endoplasms (D:1)
  A giant cockroach (D:1)
  A goblin (D:1)
  A hobgoblin (D:1)
  2 quokkas (D:1)
  A bat (D:1)
  4 frilled lizards (D:1)
  5 kobolds (D:1)
  A rat (D:1)
18 creatures vanquished.

Notes
Turn   | Place    | Note
-------+----------+-------------------------------------------
     0 | D:1      | Malachi the Vine Stalker Brigand began the quest for the
                  | Orb.
     0 | D:1      | Reached XP level 1. HP: 11/11 MP: 2/2
   352 | D:1      | Reached XP level 2. HP: 8/15 MP: 0/3
   633 | D:1      | Found Yqatteyr's Vocational Training.
   711 | D:1      | Slain by a gnoll

Illustrated notes

Levels and vault maps discovered:
D:1:      nzn_arrival_crosshair, layout_basic, st_stairs_3,
          nicolae_shop_vocational

Skill      XL: |  1 |
---------------+----+-----
Short Blades   | 2 |  2.9
Fighting       | |  1.7
Throwing       | |  1.7
Dodging        | |  0.7
Stealth        | |  4.8

Action                   || total
-------------------------++-------
Melee: Dagger            ||    47
       Bite              ||     8
 Stab: Sleeping          ||     3
Armor: Robe              ||    12
Dodge: Dodged            ||    20
